[Event "ICCopen2017"]
[Site "Internet Chess Club"]
[Date "2017.03.25"]
[Round "3"]
[White "Dodgy"]
[Black "Mandragora"]
[Result "1-0"]
[ICCResult "Black forfeits on time"]
[WhiteElo "1981"]
[BlackElo "1619"]
[Opening "Budapest: Adler variation"]
[ECO "A52"]
[NIC "QG.01"]
[Time "14:27:19"]
[TimeControl "180+0"]

1. d4 Nf6 2. c4 e5 3. dxe5 Ng4 4. Nf3 Nc6 5. Bf4 Bb4+ 6. Nbd2 Qe7 7. a3
Ngxe5 8. Nxe5 Nxe5 9. e3 Bxd2+ 10. Qxd2 d6 11. Be2 Be6 12. Rc1 Rd8 13. O-O
Ng6 14. Bg3 h5 15. h3 h4 16. Bh2 Ne5 17. Qb4 b6 18. Rcd1 a5 19. Qc3 Rh6 20.
Bxe5 dxe5 21. Rxd8+ Qxd8 22. Qxe5 Rg6 23. Bf3 Kf8 24. Rd1 Qe7 25. Qh5 Kg8
26. Be4 Rh6 27. Qe5 Rf6 28. Bd5 Qc5 29. Qe4 Bf5 30. Qe8+ Kh7 31. Bxf7 Qc6
32. Qg8+ Kh6 33. Qh8+ Bh7 34. Bg8 Rg6 35. Qxh7+ Kg5 36. Rd5+ Kf6 37. Qxh4+
{Black forfeits on time}
1-0

[Event "ICCopen2017"]
[Site "Internet Chess Club"]
[Date "2017.03.25"]
[Round "3"]
[White "Skeptic1972"]
[Black "BryanL"]
[Result "1-0"]
[ICCResult "Black forfeits on time"]
[WhiteElo "1669"]
[BlackElo "1970"]
[Opening "English: Anglo-Grünfeld, Czech defense"]
[ECO "A16"]
[NIC "EO.53"]
[Time "14:27:57"]
[TimeControl "180+0"]

1. c4 Nf6 2. Nc3 d5 3. cxd5 Nxd5 4. g3 g6 5. Bg2 Nb6 6. Nf3 Bg7 7. O-O O-O
8. d4 Nc6 9. d5 Nb4 10. e4 a5 11. a3 Na6 12. Qe2 a4 13. Be3 Nd7 14. Nxa4 b6
15. Nd4 Bb7 16. b4 Rc8 17. Rac1 Re8 18. Rfd1 Nab8 19. Nc6 Bxc6 20. dxc6 Nxc6
21. Rxc6 Ra8 22. Qc2 Ra7 23. Bf4 e5 24. Be3 Qc8 25. Bh3 Re7 26. Nxb6 Nxb6
27. Bxc8 Nxc8 28. Rd8+ Bf8 29. Bh6 {Black forfeits on time} 1-0

[Event "ICCopen2017"]
[Site "Internet Chess Club"]
[Date "2017.03.25"]
[Round "3"]
[White "magnuswizard"]
[Black "Hacker21"]
[Result "0-1"]
[ICCResult "White checkmated"]
[WhiteElo "1810"]
[BlackElo "1792"]
[Opening "King's Indian: Averbakh, 6...c5"]
[ECO "E74"]
[NIC "KI.25"]
[Time "14:27:05"]
[TimeControl "180+0"]

1. d4 Nf6 2. c4 g6 3. Nc3 Bg7 4. e4 d6 5. Bg5 O-O 6. Be2 c5 7. d5 b5 8. cxb5
a6 9. bxa6 Qb6 10. Qd2 Bxa6 11. Bxa6 Nxa6 12. Nge2 Rfb8 13. Rb1 Nc7 14. O-O
Nb5 15. Nxb5 Qxb5 16. Nc3 Qb4 17. Rfe1 Ra7 18. h3 Ne8 19. Qc2 h6 20. Bd2 Nc7
21. b3 Nb5 22. Nxb5 Qxb5 23. a4 Qa6 24. Rbc1 Rab7 25. Rb1 Kh7 26. Bc3 Bxc3
27. Qxc3 Rb4 28. e5 c4 29. e6 f6 30. Re4 Rxb3 31. Rxb3 cxb3 32. Qc7 Qb7 33.
Qc1 b2 34. Qb1 Qxd5 35. Rg4 Qf5 36. Re4 Qxe4 37. Qxe4 b1=Q+ 38. Qxb1 Rxb1+
39. Kh2 Ra1 40. f3 Rxa4 41. Kg3 Ra6 42. h4 d5 43. Kg4 Rxe6 44. h5 gxh5+ 45.
Kf5 Re5+ 46. Kf4 d4 47. Kg3 d3 48. f4 Re4 49. Kf3 f5 50. g3 d2 51. g4 hxg4+
52. Kg3 d1=Q 53. Kh4 Qh1+ 54. Kg3 Qf3+ 55. Kh4 Qh3# {White checkmated} 0-1

[Event "ICCopen2017"]
[Site "Internet Chess Club"]
[Date "2017.03.25"]
[Round "3"]
[White "toll"]
[Black "uggi"]
[Result "0-1"]
[ICCResult "White resigns"]
[WhiteElo "1647"]
[BlackElo "1983"]
[Opening "Polish (Sokolsky) opening"]
[ECO "A00"]
[NIC "VO.10"]
[Time "14:28:34"]
[TimeControl "180+0"]

1. b4 Nf6 2. Bb2 g6 3. c4 Bg7 4. e3 O-O 5. Nf3 d6 6. Be2 e5 7. d4 e4 8. Nfd2
Bf5 9. Nc3 Qe7 10. a4 c6 11. Qb3 Nbd7 12. b5 Rab8 13. Ba3 h5 14. c5 d5 15.
g3 Bh6 16. Bf1 Nh7 17. Bg2 h4 18. Ne2 h3 19. Bf1 g5 20. a5 a6 21. bxc6 bxc6
22. Qc2 Bg4 23. Nb3 f5 24. Nbc1 f4 25. Ng1 fxe3 26. fxe3 Rxf1+ 27. Kxf1 Rf8+
28. Ke1 Qf6 29. Nge2 Qf2+ 30. Kd2 Rf3 31. Qb3 Bg7 32. Rb1 Bxd4 {White
resigns} 0-1

[Event "ICCopen2017"]
[Site "Internet Chess Club"]
[Date "2017.03.25"]
[Round "3"]
[White "tryany1"]
[Black "fiume"]
[Result "0-1"]
[ICCResult "White forfeits on time"]
[WhiteElo "1496"]
[BlackElo "1918"]
[Opening "Benoni: Taimanov variation"]
[ECO "A67"]
[NIC "BI.33"]
[Time "14:28:26"]
[TimeControl "180+0"]

1. d4 Nf6 2. c4 c5 3. d5 e6 4. Nc3 exd5 5. cxd5 d6 6. e4 g6 7. f4 Bg7 8.
Bb5+ Nfd7 9. Bd3 O-O 10. Nf3 Nf6 11. O-O Bg4 12. h3 Bxf3 13. Qxf3 Nbd7 14.
a4 a6 15. Bd2 Rb8 16. g4 Qc7 17. Bc4 Nb6 18. Ba2 c4 19. Be3 Nbd7 20. Qe2 b5
21. axb5 axb5 22. Bf2 Rfe8 23. Bb1 b4 24. Na4 Nxd5 25. Qd2 N5f6 26. Re1 Qc6
27. Qe2 Ra8 28. b3 cxb3 29. e5 dxe5 30. fxe5 Rxe5 {White forfeits on time}
0-1

[Event "ICCopen2017"]
[Site "Internet Chess Club"]
[Date "2017.03.25"]
[Round "3"]
[White "Giantvin"]
[Black "kentaur"]
[Result "1-0"]
[ICCResult "Black checkmated"]
[WhiteElo "1986"]
[BlackElo "1634"]
[Opening "Modern defense: Averbakh system, Kotov variation"]
[ECO "A40"]
[NIC "KF.03"]
[Time "14:27:17"]
[TimeControl "180+0"]

1. d4 g6 2. e4 Bg7 3. c4 d6 4. Nc3 Nc6 5. Be3 e5 6. d5 Nce7 7. c5 a6 8. h4
f5 9. f3 Nf6 10. Nh3 O-O 11. Ng5 h6 12. Ne6 Bxe6 13. dxe6 Kh7 14. cxd6 Qxd6
15. Qxd6 cxd6 16. O-O-O Nc8 17. Nd5 Ne8 18. Nb6 Nxb6 19. Bxb6 Rc8+ 20. Kb1
Bf6 21. Rc1 Ng7 22. Bd3 f4 23. Bc4 Rfe8 24. Bd5 Nxe6 25. Rxc8 Rxc8 26. Bxe6
Rc6 27. Bf2 d5 28. Bxd5 Rd6 29. Rc1 g5 30. Rc7+ Kg6 31. Bf7+ Kg7 32. Be6+
Kf8 33. hxg5 Bxg5 34. Bd5 Ke8 35. Rxb7 Bd8 36. Bc5 Rd7 37. Bc6 Be7 38. Bxd7+
Kd8 39. Bxe7+ Kxe7 40. Bf5+ Kd6 41. Rh7 Kc5 42. Rxh6 Kd4 43. Kc2 Ke3 44. Re6
Kf2 45. Rxe5 Kxg2 46. Bg6 Kxf3 47. Rf5 Kxe4 48. Rxf4+ Kxf4 49. Kc3 Ke5 50.
Kb4 Kd6 51. Ka5 Kc7 52. Kxa6 Kb8 53. b4 Ka8 54. b5 Kb8 55. b6 Ka8 56. Be4+
Kb8 57. b7 Kc7 58. Ka7 Kd6 59. b8=Q+ Ke6 60. Qb5 Kd6 61. Qd5+ Ke7 62. Qc6
Kf7 63. Qd6 Kg7 64. Qe6 Kf8 65. Qd7 Kg8 66. Kb6 Kf8 67. Bg6 Kg8 68. Qf7+ Kh8
69. Qh7# {Black checkmated} 1-0

[Event "ICCopen2017"]
[Site "Internet Chess Club"]
[Date "2017.03.25"]
[Round "3"]
[White "Marcoluis"]
[Black "schindi24"]
[Result "1-0"]
[ICCResult "Black forfeits on time"]
[WhiteElo "1650"]
[BlackElo "1313"]
[Opening "QGD: 4.Bg5"]
[ECO "D50"]
[NIC "QO.16"]
[Time "14:28:44"]
[TimeControl "180+0"]

1. d4 e6 2. c4 d5 3. Nc3 Nf6 4. Bg5 a6 5. e3 dxc4 6. Bxc4 b5 7. Bd3 Bb7 8.
Nf3 Be7 9. O-O Nbd7 10. Qe2 c5 11. Rad1 Qb6 12. Rfe1 O-O 13. Bb1 Rac8 14. e4
cxd4 15. Nxd4 Ne5 16. f4 Nc4 17. e5 Nd5 18. Nxd5 Bxd5 19. Bxe7 Rfe8 20. Qh5
g6 21. Qh4 a5 22. Bf6 Qc5 23. Qh6 Qf8 24. Qxf8+ Kxf8 25. Nxb5 Rb8 26. b3 Nb6
27. Nd6 {Black forfeits on time} 1-0

[Event "ICCopen2017"]
[Site "Internet Chess Club"]
[Date "2017.03.25"]
[Round "3"]
[White "Aravind"]
[Black "Maxbet"]
[Result "0-1"]
[ICCResult "White resigns"]
[WhiteElo "2203"]
[BlackElo "2852"]
[Opening "Queen's pawn game"]
[ECO "A46"]
[NIC "QP.05"]
[Time "14:28:58"]
[TimeControl "180+0"]

1. d4 Nf6 2. Nf3 e6 3. Bf4 b6 4. e3 Bb7 5. c4 c5 6. Nc3 cxd4 7. exd4 Bb4 8.
Rc1 O-O 9. a3 Be7 10. Bd3 d5 11. O-O dxc4 12. Bxc4 Nd5 13. Bg3 Nxc3 14. Rxc3
Bf6 15. Ne5 Nd7 16. Bd3 Rc8 17. Qh5 g6 18. Qh3 Rxc3 19. bxc3 Nxe5 20. dxe5
Bg7 21. Bh4 Qc7 22. Bf6 Qxc3 23. Qe3 Bxf6 24. exf6 Qxf6 {White resigns} 0-1

[Event "ICCopen2017"]
[Site "Internet Chess Club"]
[Date "2017.03.25"]
[Round "3"]
[White "Chamanx"]
[Black "pagoda"]
[Result "1-0"]
[ICCResult "Black checkmated"]
[WhiteElo "1455"]
[BlackElo "1809"]
[Opening "Philidor's defense"]
[ECO "C41"]
[NIC "KP.10"]
[Time "14:29:34"]
[TimeControl "180+0"]

1. e4 e5 2. Nf3 d6 3. Bc4 Be7 4. O-O Nf6 5. d4 exd4 6. Nxd4 O-O 7. Nc3 c5 8.
Nf3 a6 9. a4 Nc6 10. Bd2 Bg4 11. h3 Bh5 12. g4 Bg6 13. Nh4 Ne5 14. Nxg6 hxg6
15. Bd5 Nxd5 16. Nxd5 Bf6 17. f4 Nc6 18. g5 Bxb2 19. Rb1 Bd4+ 20. Kh1 Rb8
21. f5 gxf5 22. exf5 Ne7 23. f6 Nxd5 24. Qh5 Qd7 25. fxg7 Kxg7 26. Rf6 Nxf6
27. gxf6+ Bxf6 28. Rg1+ Bg5 29. Qxg5+ Kh8 30. Qh6# {Black checkmated} 1-0

[Event "ICCopen2017"]
[Site "Internet Chess Club"]
[Date "2017.03.25"]
[Round "3"]
[White "vishweshk"]
[Black "Baerenstarker"]
[Result "1-0"]
[ICCResult "Black checkmated"]
[WhiteElo "1664"]
[BlackElo "1860"]
[Opening "Queen's pawn game"]
[ECO "A45"]
[NIC "QP.07"]
[Time "14:27:39"]
[TimeControl "180+0"]

1. d4 Nf6 2. e3 e6 3. Bd3 c5 4. Nf3 b6 5. c3 Bb7 6. Nbd2 cxd4 7. exd4 Be7 8.
O-O O-O 9. Re1 d6 10. Nf1 Nbd7 11. Ng3 a6 12. Bc2 Re8 13. Bg5 b5 14. Bxf6
Nxf6 15. Qd3 g6 16. Ng5 Qb6 17. Qe2 Bf8 18. Qd2 Bg7 19. h4 Qc6 20. f3 h6 21.
N5e4 Nxe4 22. fxe4 b4 23. h5 g5 24. Rf1 bxc3 25. bxc3 Rac8 26. Rf3 Qc4 27.
Raf1 Re7 28. Qf2 Rcc7 29. Bb3 Qc6 30. d5 Qe8 31. dxe6 fxe6 32. Nf5 Rf7 33.
Nxd6 Rxf3 34. Qxf3 Qe7 35. Nf5 Qc5+ 36. Kh1 Bf8 37. Bxe6+ Kh7 38. Nd4 Bg7
39. Qf5+ Kh8 40. Qg6 Qe7 41. Rf7 Qxf7 42. Bxf7 Re7 43. Bc4 Bxe4 44. Qb6 Bb7
45. Qd8+ Bf8 46. Qxf8+ Kh7 47. Qg8# {Black checkmated} 1-0

[Event "ICCopen2017"]
[Site "Internet Chess Club"]
[Date "2017.03.25"]
[Round "3"]
[White "zepelin"]
[Black "Barbos"]
[Result "1-0"]
[ICCResult "Black forfeits on time"]
[WhiteElo "1967"]
[BlackElo "2473"]
[Opening "Sicilian"]
[ECO "B56"]
[NIC "SI.25"]
[Time "14:27:20"]
[TimeControl "180+0"]

1. e4 c5 2. Nf3 d6 3. d4 cxd4 4. Nxd4 Nf6 5. Nc3 Nc6 6. h3 Nxd4 7. Qxd4 g6
8. e5 dxe5 9. Bb5+ Bd7 10. Qxe5 Bg7 11. O-O O-O 12. Bxd7 Qxd7 13. Qg3 Qc6
14. Bg5 b5 15. Qh4 a5 16. a3 Qc4 17. Qxc4 bxc4 18. Rad1 Rab8 19. Bc1 e6 20.
Rd6 Rfc8 21. Rfd1 h6 22. g3 g5 23. Kg2 Kh7 24. Ra6 Rc5 25. Be3 Rcc8 26. Bc1
Ra8 27. Rdd6 Ne8 28. Rdc6 Bxc3 29. bxc3 Nf6 30. Rxa8 Rxc6 31. Rxa5 Nd5 32.
Bd2 Rb6 33. Rc5 Rb2 34. Rxc4 Rxc2 35. Rd4 Ra2 36. a4 Kg6 37. g4 Kf6 38. Kf3
Ke5 39. Be3 Ra3 40. Rc4 Kf6 41. Bd4+ Kg6 42. Be3 f5 43. gxf5+ Kxf5 44. Bd4
e5 45. Be3 Nxc3 46. Rc5 Ne4 47. Ra5 Nd2+ 48. Kg2 Nc4 49. Rc5 Nxe3+ 50. Kf3
Nc4+ 51. Kg2 Nd2 52. Rc8 Ne4 53. Rf8+ Ke6 54. Rc8 Nf6 55. Kf1 Kf5 56. Ke2
Nd5 57. Rc6 Nf4+ 58. Kd1 Ke4 59. Kc2 {Black forfeits on time} 1-0

[Event "ICCopen2017"]
[Site "Internet Chess Club"]
[Date "2017.03.25"]
[Round "3"]
[White "jps7"]
[Black "ajam"]
[Result "0-1"]
[ICCResult "White forfeits on time"]
[WhiteElo "1491"]
[BlackElo "1889"]
[Opening "Queen's pawn game"]
[ECO "A46"]
[NIC "QP.06"]
[Time "14:27:21"]
[TimeControl "180+0"]

1. d4 Nf6 2. Nf3 d6 3. e3 Nbd7 4. Bd3 e5 5. dxe5 dxe5 6. e4 Be7 7. O-O O-O
8. b3 c6 9. Bb2 Qc7 10. Nbd2 b5 11. c4 a6 12. Rc1 Qb8 13. cxb5 cxb5 14. Qe2
Bb7 15. Rc2 Nh5 16. g3 Nhf6 17. Rfc1 Bd6 18. Nf1 Rd8 19. Ne3 g6 20. a4 Nxe4
21. Bxe4 Bxe4 22. Rd2 Nf6 23. Rcd1 Bxf3 24. Qxf3 Ne8 25. Nd5 Kg7 26. Qe4 f6
27. f4 exf4 28. Nxf4 Bc5+ 29. Kg2 Rxd2+ 30. Rxd2 Qa7 31. Ne6+ Kf7 32. Qd5
Rc8 33. Nxc5+ Kg7 34. Ne6+ Kh8 35. Qd7 Qxd7 36. Rxd7 Rc2+ 37. Kh3 Rxb2 38.
Rd8 Kg8 39. Rxe8+ Kf7 40. Nc7 Rxb3 41. axb5 axb5 42. Re4 h5 43. Rf4 Kg7 44.
Nd5 f5 45. Nc7 Kf6 46. Rd4 g5 47. Rd5 Rb2 48. Rd6+ Ke5 49. Re6+ Kd4 50. g4
hxg4+ 51. Kg3 Rb3+ {White forfeits on time} 0-1

[Event "ICCopen2017"]
[Site "Internet Chess Club"]
[Date "2017.03.25"]
[Round "3"]
[White "achessman"]
[Black "gannikus1992"]
[Result "0-1"]
[ICCResult "White resigns"]
[WhiteElo "1736"]
[BlackElo "2436"]
[Opening "Pirc defense"]
[ECO "B07"]
[NIC "PU.04"]
[Time "14:28:59"]
[TimeControl "180+0"]

1. e4 d6 2. d4 Nf6 3. Nc3 g6 4. f3 c6 5. Be3 b5 6. Qd2 Nbd7 7. Nge2 a5 8. g4
a4 9. h4 Qa5 10. h5 Rg8 11. Ng3 Nb6 12. g5 Nfd7 13. hxg6 hxg6 14. Kf2 Ba6
15. a3 Nc4 16. Bxc4 bxc4 17. Rab1 Bg7 18. Nce2 Qxd2 19. Bxd2 c5 20. Bc3 cxd4
21. Bxd4 Bxd4+ 22. Nxd4 Rc8 23. c3 Rc5 24. f4 e5 25. Nde2 exf4 26. Nxf4 Rxg5
27. Nd5 Bb7 28. Rbd1 Bxd5 29. exd5 Ne5 30. Rh4 Ke7 31. Ne4 Rf5+ 32. Ke3 Rb8
33. Rd2 Nf3 34. Rf2 Nxh4 35. Rh2 Nf3 36. Rf2 Ne5 37. Rh2 Ng4+ 38. Kd4 Nxh2
{White resigns}
0-1

[Event "ICCopen2017"]
[Site "Internet Chess Club"]
[Date "2017.03.25"]
[Round "3"]
[White "AnthonyRaelund"]
[Black "JRussell2"]
[Result "1-0"]
[ICCResult "Black checkmated"]
[WhiteElo "1440"]
[BlackElo "1057"]
[Opening "English opening"]
[ECO "A20"]
[NIC "EO.24"]
[Time "14:28:34"]
[TimeControl "180+0"]

1. c4 e5 2. g3 Nc6 3. Bg2 Nf6 4. Nc3 Bb4 5. Nd5 Nxd5 6. cxd5 Ne7 7. Nf3 Nxd5
8. Nxe5 c6 9. O-O O-O 10. a3 Bd6 11. Nc4 Bb8 12. b4 b5 13. Na5 Bc7 14. Nb3
Bb7 15. Nc5 Rb8 16. Bb2 Bb6 17. Rc1 Bxc5 18. Rxc5 a5 19. Bxd5 cxd5 20. Rxb5
axb4 21. Rxb4 Bc6 22. Qc2 Rxb4 23. axb4 Qa8 24. Ra1 Qb7 25. Qc3 Ra8 26.
Qxg7# {Black checkmated} 1-0

[Event "ICCopen2017"]
[Site "Internet Chess Club"]
[Date "2017.03.25"]
[Round "3"]
[White "waynerooney"]
[Black "LeonieHelm"]
[Result "1-0"]
[ICCResult "Black checkmated"]
[WhiteElo "1956"]
[BlackElo "1617"]
[Opening "Ruy Lopez: Marshall counter-attack"]
[ECO "C89"]
[NIC "RL.12"]
[Time "14:27:48"]
[TimeControl "180+0"]

1. e4 e5 2. Nf3 Nc6 3. Bb5 a6 4. Ba4 Nf6 5. O-O b5 6. Bb3 Be7 7. c3 O-O 8.
Re1 d5 9. d3 Bg4 10. Nbd2 Na5 11. Bc2 d4 12. Nf1 c5 13. h3 Bh5 14. Ng3 Bg6
15. Nh4 Kh8 16. Nhf5 Bxf5 17. Nxf5 g6 18. Nxe7 Qxe7 19. Bg5 Qe6 20. b4 cxb4
21. cxb4 Nc6 22. Bb3 Qd6 23. Qf3 Nh5 24. g4 f6 25. Bh6 Nf4 26. Bxf4 exf4 27.
a3 a5 28. e5 fxe5 29. Rac1 Rac8 30. Bd5 Ne7 31. Bb7 Rxc1 32. Rxc1 g5 33. Qe4
axb4 34. axb4 Qg6 35. Qxe5+ Qf6 36. Qxf6+ Rxf6 37. Re1 Ng6 38. Re8+ Kg7 39.
Be4 Nh4 40. Rb8 Ra6 41. Rxb5 Ra1+ 42. Kh2 Rf1 43. Rxg5+ Kf6 44. Rh5 Rxf2+
45. Kg1 Rf3 46. Bxf3 Nxf3+ 47. Kf2 Kg6 48. Kxf3 h6 49. Kxf4 Kg7 50. Ke4 Kg6
51. Kxd4 Kg7 52. Ke5 Kg6 53. Ke6 Kg7 54. Kf5 Kf7 55. Rxh6 Ke7 56. g5 Kd7 57.
g6 Kd6 58. g7+ Kd5 59. g8=Q+ Kd4 60. Qe8 Kc3 61. Rd6 Kd2 62. b5 Kd1 63. b6
Kd2 64. b7 Kd1 65. b8=Q Kd2 66. Qb1 Kc3 67. Qee1# {Black checkmated} 1-0

[Event "ICCopen2017"]
[Site "Internet Chess Club"]
[Date "2017.03.25"]
[Round "3"]
[White "DarthVadar"]
[Black "weakfish"]
[Result "1-0"]
[ICCResult "Black forfeits on time"]
[WhiteElo "1792"]
[BlackElo "1302"]
[Opening "Caro-Kann: closed (Breyer) variation"]
[ECO "B10"]
[NIC "CK.01"]
[Time "14:27:28"]
[TimeControl "180+0"]

1. e4 c6 2. d3 d5 3. Nd2 dxe4 4. dxe4 Nf6 5. Bc4 Bg4 6. Ngf3 e6 7. c3 Bxf3
8. Qxf3 Be7 9. O-O Nbd7 10. Qg3 O-O 11. e5 Ne8 12. Ne4 Bh4 13. Qf4 Nb6 14.
Bb3 Nd5 15. Qg4 Kh8 16. Bg5 Bxg5 17. Nxg5 h6 18. Ne4 Qc7 19. Qg3 Ne7 20. Nd6
Ng6 21. Rad1 Nxd6 22. exd6 Qb6 23. Kh1 Rad8 24. Bc2 Qxb2 25. Bxg6 fxg6 26.
Qxg6 Qxc3 27. Qxe6 Rfe8 28. Qf7 Re2 29. d7 Rd2 30. Rde1 R2xd7 31. Re8+ Kh7
32. Qf5+ g6 33. Qe6 Rxe8 34. Qxd7+ {Black forfeits on time} 1-0

[Event "ICCopen2017"]
[Site "Internet Chess Club"]
[Date "2017.03.25"]
[Round "3"]
[White "Siryk"]
[Black "Palse"]
[Result "0-1"]
[ICCResult "White forfeits on time"]
[WhiteElo "2988"]
[BlackElo "2254"]
[Opening "Queen's Indian: Nimzovich variation (exaggerated fianchetto)"]
[ECO "E15"]
[NIC "QI.05"]
[Time "14:27:24"]
[TimeControl "180+0"]

1. d4 Nf6 2. c4 e6 3. Nf3 b6 4. g3 Ba6 5. b3 Bb4+ 6. Bd2 Be7 7. Bg2 O-O 8.
O-O c6 9. Bc3 d5 10. Nbd2 Nbd7 11. Ne5 Bb7 12. e4 Rc8 13. Nxd7 Nxd7 14. Rc1
dxe4 15. Nxe4 Nf6 16. Qe2 Rc7 17. Rfd1 Rd7 18. Nd2 Qa8 19. Nf3 c5 20. dxc5
Rxd1+ 21. Rxd1 Bxc5 22. Bxf6 gxf6 23. Ne1 f5 24. Bxb7 Qxb7 25. Nd3 Bd4 26.
Ne5 Rd8 27. Nf3 Bf6 28. Rxd8+ Bxd8 29. Ne5 Bf6 30. Qf3 Qc7 31. Nd3 Qd6 32.
h3 Bg5 33. Kg2 Kg7 34. Qe2 Bf6 35. g4 Qd4 36. gxf5 exf5 37. Qf3 Kg6 38. Nf4+
Kg5 39. Nd5 Be5 40. Ne3 Qe4 41. Qxe4 fxe4 42. Nd5 Bd6 43. f3 f5 44. fxe4
fxe4 45. Kf2 Kf5 46. Ke3 Bc5+ 47. Ke2 Ke5 48. Nc7 a5 49. Nb5 Kf4 50. Nc3 Bd4
51. Nd5+ Ke5 {White forfeits on time} 0-1

[Event "ICCopen2017"]
[Site "Internet Chess Club"]
[Date "2017.03.25"]
[Round "3"]
[White "BMWHero"]
[Black "zealous"]
[Result "1-0"]
[ICCResult "Black resigns"]
[WhiteElo "2059"]
[BlackElo "1680"]
[Opening "Scandinavian: Marshall variation"]
[ECO "B01"]
[NIC "SD.03"]
[Time "14:28:46"]
[TimeControl "180+0"]

1. e4 d5 2. exd5 Nf6 3. d4 Nxd5 4. Nf3 g6 5. c4 Nb6 6. c5 Nd5 7. Nc3 Bg7 8.
Bc4 c6 9. Qb3 e6 10. Ne4 O-O 11. Nd6 Nd7 12. O-O N7f6 13. Nxb7 Qc7 14. Nd6
Rb8 15. Qd1 Qa5 16. a3 Qc7 17. b4 a5 18. b5 cxb5 19. Nxb5 Qc6 20. Ne5 Qa8
21. Bg5 Ba6 22. Bxf6 Nxf6 23. Nc7 Bxc4 24. Nxa8 Bxf1 25. Nb6 Ba6 26. Ned7
Nxd7 27. Nxd7 Rbd8 28. Nxf8 Rxd4 29. Qe1 Kxf8 30. c6 Rc4 31. Rc1 Ke7 32.
Rxc4 Bxc4 33. Qxa5 Kd6 34. c7 Ba6 {Black resigns} 1-0

[Event "ICCopen2017"]
[Site "Internet Chess Club"]
[Date "2017.03.25"]
[Round "3"]
[White "herbyeddy"]
[Black "FGM21"]
[Result "0-1"]
[ICCResult "White forfeits on time"]
[WhiteElo "1517"]
[BlackElo "1927"]
[Opening "two knights defense: Ulvestad variation"]
[ECO "C57"]
[NIC "KP.01"]
[Time "14:27:29"]
[TimeControl "180+0"]

1. e4 e5 2. Nf3 Nc6 3. Bc4 Nf6 4. Ng5 d5 5. exd5 b5 6. Bxb5 Qxd5 7. Nc3 Qxg2
8. Qf3 Qxf3 9. Nxf3 Bd7 10. O-O Bd6 11. Re1 O-O-O 12. d3 Nd4 13. Bxd7+ Rxd7
14. Nxd4 exd4 15. Ne4 Nd5 16. Nxd6+ Rxd6 17. Bd2 h5 18. Re4 c5 19. Rae1 Kd7
20. Bf4 Rg6+ 21. Kf1 h4 22. Bd2 Rb8 23. b3 Rh8 24. Re5 Kd6 25. Rg5 Rxg5 26.
Bxg5 f6 27. Bd2 h3 28. Re4 Rh5 29. Rg4 g5 30. f4 gxf4 31. Bxf4+ Ke6 32. Bd2
Rf5+ 33. Ke2 Rh5 34. Rg7 Kf5 35. Rxa7 Nf4+ 36. Bxf4 Kxf4 37. Rg7 Re5+ 38.
Kf2 Rh5 39. Rg3 Ke5 40. Rf3 f5 41. Kg3 Rg5+ 42. Kxh3 Kf6 43. Rg3 Rh5+ 44.
Kg2 Rh8 45. h3 Ra8 46. a4 c4 47. dxc4 f4 48. Rd3 Kf5 49. Rxd4 Rg8+ 50. Kf2
Rg3 51. h4 Rh3 52. Rd5+ Ke4 53. Rg5 Rc3 54. Ke1 Rxc2 55. Rg2 Rxg2 56. Kf1
Rh2 {White forfeits on time} 0-1

[Event "ICCopen2017"]
[Site "Internet Chess Club"]
[Date "2017.03.25"]
[Round "3"]
[White "UAE2002"]
[Black "Phaser"]
[Result "1-0"]
[ICCResult "Black resigns"]
[WhiteElo "1907"]
[BlackElo "1590"]
[Opening "King's Indian: Torre attack"]
[ECO "A48"]
[NIC "QP.01"]
[Time "14:29:26"]
[TimeControl "180+0"]

1. d4 Nf6 2. Nf3 g6 3. Bg5 Bg7 4. Nbd2 O-O 5. e3 b6 6. Bd3 c5 7. c3 Ba6 8.
Bb1 d6 9. h4 Nbd7 10. h5 Qc7 11. hxg6 hxg6 12. Ne4 Nxe4 13. Bxe4 Rae8 14.
Qc2 e5 15. Bxg6 fxg6 16. Qxg6 Nf6 17. Bxf6 Rxf6 18. Qxe8+ Rf8 19. Qg6 exd4
20. Ng5 Rc8 21. Rh8+ {Black resigns} 1-0

[Event "ICCopen2017"]
[Site "Internet Chess Club"]
[Date "2017.03.25"]
[Round "3"]
[White "Lightlike"]
[Black "mkayem1"]
[Result "1-0"]
[ICCResult "Black checkmated"]
[WhiteElo "2618"]
[BlackElo "2059"]
[Opening "Scandinavian (center counter) defense"]
[ECO "B01"]
[NIC "VO.17"]
[Time "14:28:50"]
[TimeControl "180+0"]

1. e4 d5 2. exd5 Qxd5 3. Nf3 Nf6 4. d4 a6 5. c4 Qd6 6. Nc3 Nbd7 7. Be3 e6 8.
Be2 Rb8 9. O-O c5 10. Qd2 cxd4 11. Nxd4 Be7 12. Bf4 e5 13. Nf5 Qxd2 14. Bxd2
Bf8 15. Rfe1 g6 16. Ng3 Be7 17. Bh6 Bf8 18. Bg5 Be7 19. Bh6 Bf8 20. Bxf8
Kxf8 21. Bf3 Kg7 22. Rad1 Re8 23. Nge4 Nxe4 24. Nxe4 Nf6 25. Nd6 Re7 26. c5
Be6 27. Rxe5 Rc7 28. b4 Bxa2 29. Rde1 Be6 30. h3 b6 31. Rc1 bxc5 32. bxc5
Rb2 33. Re3 Ra2 34. c6 a5 35. g4 h6 36. h4 a4 37. g5 hxg5 38. hxg5 Nh7 39.
Ne8+ Kf8 40. Nxc7 Nxg5 41. Nxe6+ Nxe6 42. c7 Nxc7 43. Rxc7 a3 44. Bd5 Rd2
45. Rxf7+ Kg8 46. Re8# {Black checkmated} 1-0

[Event "ICCopen2017"]
[Site "Internet Chess Club"]
[Date "2017.03.25"]
[Round "3"]
[White "livis"]
[Black "Dupinpon"]
[Result "0-1"]
[ICCResult "White forfeits on time"]
[WhiteElo "1863"]
[BlackElo "1605"]
[Opening "Sicilian: Grand Prix attack"]
[ECO "B21"]
[NIC "SI.48"]
[Time "14:28:07"]
[TimeControl "180+0"]

1. e4 c5 2. f4 Nc6 3. Nf3 Nf6 4. d3 d5 5. e5 Ng8 6. Be2 e6 7. c3 Nh6 8. O-O
Nf5 9. Na3 h5 10. Nc2 g6 11. Ne3 Bg7 12. Nxf5 gxf5 13. Be3 b6 14. Kh1 h4 15.
h3 Bf8 16. d4 c4 17. b3 b5 18. bxc4 bxc4 19. Ng5 Be7 20. Rb1 Kf8 21. Qa4 Bd7
22. Qd1 Kg7 23. Bh5 Be8 24. Kh2 Qa5 25. Bd2 Qxa2 26. Bf3 Bd7 27. Rb7 Rhd8
28. Be1 a5 29. Bxh4 a4 30. Qa1 Qxa1 31. Rxa1 a3 32. Ra2 Be8 33. g4 Rdb8 34.
Rxb8 Rxb8 35. Kg3 Rb2 36. Ra1 a2 37. gxf5 exf5 38. Bxd5 Na5 39. e6 Bxg5 40.
Bxg5 fxe6 41. Bxe6 Bb5 42. Bxf5 Nb3 43. Rxa2 Rxa2 44. d5 Nc5 45. Be7 Nd3 46.
d6 Nc5 47. h4 Rd2 48. h5 Kh6 49. Bg6 Bd7 50. Bg5+ Kg7 51. Be7 Rd3+ 52. Bxd3
cxd3 53. Kf3 Kf7 54. Ke3 Bf5 {White forfeits on time} 0-1

[Event "ICCopen2017"]
[Site "Internet Chess Club"]
[Date "2017.03.25"]
[Round "3"]
[White "matemaker"]
[Black "alexander77"]
[Result "0-1"]
[ICCResult "White forfeits on time"]
[WhiteElo "1126"]
[BlackElo "1777"]
[Opening "Queen's pawn: Charlick (Englund) gambit"]
[ECO "A40"]
[NIC "QO.17"]
[Time "14:28:33"]
[TimeControl "180+0"]

1. d4 e5 2. dxe5 Nc6 3. Nc3 Nxe5 4. Bf4 Bd6 5. e3 Nf6 6. Nf3 Nxf3+ 7. Qxf3
Bxf4 8. Qxf4 O-O 9. Bd3 d5 10. O-O-O c6 11. h4 Re8 12. Ne2 Bg4 13. f3 Be6
14. g4 Rc8 15. Nd4 Qe7 16. h5 h6 17. Nf5 Bxf5 18. Bxf5 Qxe3+ 19. Qxe3 Rxe3
20. g5 Rce8 21. gxf6 Rxf3 22. Bd7 Re2 23. Bg4 Rff2 24. Bxe2 Rxe2 25. Rhe1
Rf2 26. Re8+ Kh7 27. Rg1 Rxf6 28. Re7 b6 29. Rxa7 c5 30. b3 d4 31. Kd2 Rf2+
32. Kd3 Rf3+ 33. Kc4 Rf5 34. Ra6 b5+ 35. Kxb5 Rxh5 36. Kc4 Rf5 37. a4 Rf2
38. Rc1 Rf5 39. Ra5 g6 40. Rxc5 Rf6 41. Rd5 Rc6+ 42. Kxd4 Re6 43. Re5 Rd6+
44. Ke4 Rf6 {White forfeits on time} 0-1